 Dungeon Crawl Stone Soup version 0.30-b1-2-g02819fbbbe (webtiles) character file.

Game seed: 9126612524334160997

8 Alarkh the Charlatan (level 2, 22/22 HPs)
             Began as a Demonspawn Artificer on Nov 22, 2023.
             Got out of the dungeon alive.
             The game lasted 00:00:19 (461 turns).

Alarkh the Charlatan (Demonspawn Artificer)          Turns: 461, Time: 00:00:20

Health: 22/22      AC:  3    Str: 12    XL:     2   Next: 0%
Magic:  2/2        EV: 11    Int: 12    God:
Gold:   9          SH:  0    Dex: 13    Spells: 1/1 levels left

rFire   . . .        a - +0 club
rCold   . . .        (no shield)
rNeg    . . .        b - +0 leather armour
rPois   .            (helmet restricted)
rElec   .            (no cloak)
rCorr   .            (no gloves)
SInv    .            (no boots)
Will    .....        (no amulet)
Stlth   +            (no ring)
HPRegen 0.23/turn    (no ring)
MPRegen 0.08/turn

%: no passive effects
@: no status effects
A: antennae 1
a: no special abilities


You escaped.
You visited 1 branch of the dungeon, and saw 1 of its levels.

You collected 9 gold pieces.

Inventory:

Hand Weapons
 a - a +0 club (weapon)
Armour
 b - a +0 leather armour (worn)
Wands
 c - a wand of flame (15) (quivered)
 d - a wand of charming (15)
 e - a wand of iceblast (5)
Scrolls
 g - a scroll of amnesia {unknown}
Potions
 f - a potion of haste {unknown}
 h - a potion of resistance {unknown}
 i - a potion of mutation {unknown}


   Skills:
 + Level 2.1 Fighting
 - Level 1.7 Armour
 - Level 0.8 Dodging
 - Level 0.8 Stealth
 - Level 3.0 Evocations


You had one spell level left.
You didn't know any spells.
Your spell library was empty.

Dungeon Overview and Level Annotations

Branches:
Dungeon (1/15)

Altars:

Shops:
D:1 [


Innate Abilities, Weirdness & Mutations

You have a pair of small antennae on your head.


Message History

The jackal closely misses you.
You closely miss the jackal. The jackal bites you.
The jackal bites you but does no damage.
You are too injured to fight recklessly!
You are too injured to fight recklessly!
You are too injured to fight recklessly!
You are too injured to fight recklessly!
You are too injured to fight recklessly!
You are too injured to fight recklessly!
You are too injured to fight recklessly!
You hit the jackal.
The jackal is almost dead.
The jackal barely misses you. x2
You hit the jackal.
You kill the jackal!
Your Fighting skill increases to level 2!
Things that are here:
a +0 club; a jackal corpse
i - a dark potion A goblin comes into view.
It is wielding a +0 dagger.
A goblin is nearby!
A goblin is nearby!
Found a scroll labelled FADAID BEUNIUF.
You hit the goblin.
You kill the goblin!
You have reached level 2!
You feel monstrous as your demonic heritage exerts itself.
Your demonic ancestry asserts itself...
A pair of antennae grows on your head!
There is a stone staircase leading down here.
You sense a monster nearby.
You can't go up here!
(D) Dungeon
Where to? (Enter - D:1 @ (x,y), ? - help)
There is an open door here.
You open the door.
There is an open door here.
There is a staircase leading out of the dungeon here.
Are you sure you want to leave the Dungeon?
This will make you lose the game!
You have escaped!

###############
##.............##
#..#####'#####..#
##.#####...#####.#
#..###.......###.##
#...#.........#...#
#...+....@....+...#
#...#.........#...#
##.###.......###.##
#'#####...#####'#
###...####'###....###
##.......##.##.......##
#.........#.#.........#
#.........'.'.........#
#.........#.#.........#


There were no monsters in sight!

Vanquished Creatures
  A giant cockroach (D:1)
  A goblin (D:1)
  2 jackals (D:1)
  2 kobolds (D:1)
  A bat (D:1)
7 creatures vanquished.

Notes
Turn   | Place    | Note
-------+----------+-------------------------------------------
     0 | D:1      | Alarkh the Demonspawn Artificer began the quest for the
                  | Orb.
     0 | D:1      | Reached XP level 1. HP: 15/15 MP: 1/1
   110 | D:1      | Found Xegiba's Antique Armour Emporium.
   406 | D:1      | Discovered your monstrous ancestry.
   406 | D:1      | Gained mutation: You have a pair of small antennae on your
                  | head. [demonic ancestry]
   406 | D:1      | Reached XP level 2. HP: 22/22 MP: 2/2
   461 | D:$      | Got out of the dungeon alive.

Illustrated notes

Levels and vault maps discovered:
D:1:      dpeg_arrival_three_smaller_balls, layout_basic, serial_shops,
          nicolae_shop_advertising_works [nicolae_subvault_shop_adworks],
          hellmonk_ecumenical_altar_heavens_door,
          hangedman_decor_diamond_cutter, patterned_corridor

Skill      XL: |  1 |
---------------+----+-----
Fighting       | 2 |  2.1
Armour         | |  1.7
Dodging        | |  0.8
Stealth        | |  0.8
Evocations     | |  3.0

Action                     || total
---------------------------++-------
  Melee: Club              ||    23
 Armour: Leather armour    ||    10
  Dodge: Dodged            ||    27
